 Dungeon Crawl Stone Soup version 0.24-a0-778-g74da537585 (webtiles) character file.

Game seed: 11812580092471147106, levelgen mode: deterministic

43 Arixos the Magician (level 3, -2/19 HPs)
             Began as a Deep Elf Wizard on Oct 7, 2019.
             Slain by an adder (3 damage)
             ... on level 2 of the Dungeon.
             The game lasted 00:07:26 (1262 turns).

Arixos the Magician (Deep Elf Wizard)               Turns: 1262, Time: 00:07:26

Health: -2/19      AC:  2    Str:  4    XL:     3   Next: 37%
Magic:  3/11       EV: 13    Int: 23    God:
Gold:   88         SH:  0    Dex: 13    Spells: 0/11 levels left

rFire    . . .     SeeInvis .   f - +0 dagger
rCold    + . .     Gourm    .   (no shield)
rNeg     . . .     Faith    .   a - +0 robe
rPois    .         Spirit   .   b - +0 hat
rElec    .         Reflect  .   (no cloak)
rCorr    .         Harm     .   (no gloves)
MR       .....                  (no boots)
Stlth    ++........             (no amulet)
HPRegen  0.06/turn              g - ring of protection from cold
MPRegen  0.12/turn              (no ring)

@: no status effects
A: no striking features
a: no special abilities


You were on level 2 of the Dungeon.
You were hungry.

You visited 1 branch of the dungeon, and saw 2 of its levels.

You collected 88 gold pieces.

Inventory:

Hand Weapons
 f - a +0 dagger (weapon)
Armour
 a - a +0 robe (worn)
 b - a +0 hat (worn)
Jewellery
 g - a ring of protection from cold (left hand)
 l - a cursed ring of teleportation {unknown}
Scrolls
 c - 4 scrolls of identify {unknown}
 h - a scroll of teleportation {unknown}
 j - a scroll of remove curse {unknown}
 k - a scroll of magic mapping {unknown}
Potions
 e - a potion of might {unknown}
 i - a potion of lignification {unknown}
 m - a potion of brilliance {unknown}
 n - a potion of haste {unknown}
Comestibles
 d - 6 rations


   Skills:
 + Level 3.3 Dodging
 - Level 2.4 Stealth
 + Level 4.9 Spellcasting
 + Level 2.1 Conjurations
 + Level 1.1 Summonings
 + Level 1.2 Translocations
 + Level 0.2 Fire Magic
 + Level 0.1 Air Magic
 + Level 0.0 Poison Magic


You couldn't memorise any spells.
You knew the following spells:

 Your Spells              Type           Power        Failure   Level  Hunger
a - Magic Dart            Conj           ###.         4%          1    None
c - Mephitic Cloud        Conj/Pois/Air  #.......     21%         3    ##.....
e - Blink                 Tloc           N/A          9%          2    None
f - Conjure Flame         Conj/Fire      ##......     17%         3    ##.....
i - Call Imp              Summ           ##......     9%          2    None

Your spell library contained the following spells:

 Spells                   Type           Power        Failure   Level  Hunger
 Slow                     Hex            #.......     14%         2    None


Dungeon Overview and Level Annotations

Branches:
Dungeon (2/15)

Altars:
Fedhas
Kikubaaqudgha
Yredelemnul


Message History

Your magical contamination has completely faded away.
The adder hisses angrily.
There is an open door here.
The adder completely misses you. The adder barely misses you.
You closely miss the adder. The adder bites you but does no damage.
The adder misses you. The adder barely misses you.
You closely miss the adder. The adder closely misses you. The adder bites you.
* * * LOW HITPOINT WARNING * * *
You hit the adder.
The adder is lightly wounded.
The adder bites you but does no damage. The adder closely misses you.
The adder bites you but does no damage.
You hit the adder.
The adder is moderately wounded.
The adder completely misses you. The adder misses you.
The adder completely misses you.
You miss the adder.
The adder is moderately wounded.
The adder closely misses you. The adder bites you.
You die...

## #.#.#..# ....#..#
##.###... ##+## ....##
##...###### # ##.....##
# ##. ##.......## ##
#.#...####.........####.
......S@SJr........'....
#.#...####.........####.
#..#. ##.......## ## #
.. ##.....## # ..
##...## #. ##+## #


You could see an ooze, 2 adders and a rat.

Vanquished Creatures
  A gnoll (D:1)
  An ooze (D:2)
  A dart slug (D:1)
  2 bats (D:1)
  A giant cockroach (D:1)
  5 goblins
  2 hobgoblins (D:1)
  2 jackals (D:1)
  3 kobolds (D:1)
  6 rats
24 creatures vanquished.

Vanquished Creatures (collateral kills)
  A goblin (D:1)
  A ball python (D:1)
2 creatures vanquished.

Grand Total: 26 creatures vanquished

Notes
Turn   | Place    | Note
-------+----------+-------------------------------------------
     0 | D:1      | Arixos the Deep Elf Wizard began the quest for the Orb.
     0 | D:1      | Reached XP level 1. HP: 10/10 MP: 7/7
   120 | D:1      | Reached XP level 2. HP: 15/15 MP: 5/9
   400 | D:1      | Learned a level 2 spell: Blink
   403 | D:1      | Learned a level 2 spell: Call Imp
   523 | D:1      | Reached XP level 3. HP: 19/19 MP: 4/11
   694 | D:1      | Learned a level 3 spell: Conjure Flame
   698 | D:1      | Learned a level 3 spell: Mephitic Cloud
  1029 | D:2      | Found a basalt altar of Yredelemnul.
  1029 | D:2      | Found a blossoming altar of Fedhas.
  1112 | D:2      | Found an ancient bone altar of Kikubaaqudgha.
  1262 | D:2      | Slain by an adder

Levels and vault maps discovered:
D:1:      scummos_arrival_simple_fountains, layout_basic,
          grunt_decor_mini_mirrors
D:2:      layout_loops_corners, kiku_gazebo_garden_becter,
          gammafunk_temple_overflow_elements, fedhas_altar_2, uniq_sigmund

Skill      XL: |  1  2 |
---------------+-------+-----
Dodging        | 3 |  3.3
Conjurations   | 2 |  2.1
Stealth        | |  2.4
Spellcasting   | |  4.9
Summonings     | |  1.1
Translocations | |  1.2
Fire Magic     | |  0.2
Air Magic      | |  0.1

Action                   || total
-------------------------++-------
Melee: Unarmed           ||     3
       Dagger            ||     5
 Cast: Magic Dart        ||    62
       Call Imp          ||     3
       Blink             ||     2
       Conjure Flame     ||     1
Armor: Robe              ||     5
Dodge: Dodged            ||    26

Table legend:
 A = Non-vault XP
 B = Vault XP
 C = Vault XP percentage of total XP
 D = Non-vault monster count
 E = Vault monster count
 F = Vault count percentage of total count
                 A         B        C        D         E       F
            +---------+---------+-------+---------+---------+-------
      Total |      62 |       0 |   0.0 |      26 |       0 |   0.0
            +---------+---------+-------+---------+---------+-------
        D:1 |      51 |       0 |   0.0 |      22 |       0 |   0.0
        D:2 |      11 |       0 |   0.0 |       4 |       0 |   0.0
            +---------+---------+-------+---------+---------+-------
